 Dungeon Crawl Stone Soup version 0.25-a0-733-gf7d8cd8a05 (webtiles) character file.

Game seed: 2539194820374529954, levelgen mode: deterministic

15276 Mgcat the Cleaver (level 12, 0/130 HPs)
             Began as an Octopode Berserker on Apr 9, 2020.
             Was a High Priest of Trog.
             Slain by a swamp worm (22 damage)
             ... on level 2 of the Lair of Beasts.
             The game lasted 00:28:03 (11734 turns).

Mgcat the Cleaver (Octopode Berserker)             Turns: 11734, Time: 00:28:04

Health: 0/130      AC:  4    Str: 23    XL:     12   Next: 25%
Magic:  25/25      EV: 16    Int: 10    God:    Trog [*****.]
Gold:   780        SH:  0    Dex: 17    Spells: 11/11 levels left

rFire    + . .     SeeInvis .   y - +10 battleaxe of Doom {vorpal, rPois rN+ MR- Dex+2}
rCold    + . .     Gourm    .   (shield currently unavailable)
rNeg     + . .     Faith    .   (helmet restricted)
rPois    +         Spirit   .   u - amulet of regeneration {+regen, !d}
rElec    .         Reflect  .   z - ring of protection from cold {rC+, !d}
rCorr    .         Harm     .   n - +3 ring of protection
MR       .....                  E - ring of Kalaopicw {+Blink MP+9 Dex+4}
Stlth    ..........             (no ring)
HPRegen  0.71/turn              (no ring)
MPRegen  0.19/turn              (no ring)
                                (no ring)
                                (no ring)

@: berserking, lethally poisoned (0 -> -1), very quick
A: almost no armour, stealthy swim, amphibious, 8 rings, constrict 8, camouflage
1, fire resistance 1, strong 1, gelatinous body 1
a: Berserk, Trog's Hand, Brothers in Arms, Renounce Religion, Evoke Blink


You were on level 2 of the Lair of Beasts.
You worshipped Trog.
Trog was extremely pleased with you.
You were hungry.

You visited 2 branches of the dungeon, and saw 13 of its levels.

You collected 780 gold pieces.

Inventory:

Hand Weapons
 y - the +10 battleaxe of Doom (weapon) {vorpal, rPois rN+ MR- Dex+2}
   (You acquired it on level 7 of the Dungeon)

   It inflicts extra damage upon your enemies.
   It affects your dexterity (+2).
   It protects you from poison.
   It protects you from negative energy.
   It affects your resistance to hostile enchantments.
Missiles
 g - 291 stones (quivered)
Jewellery
 n - a +3 ring of protection (right tentacle)
   (You found it on level 5 of the Dungeon)
 u - an amulet of regeneration (around mantle) {+regen, !d}
   (You found it on level 5 of the Dungeon)
 z - a ring of protection from cold (left tentacle) {rC+, !d}
   (You found it on level 7 of the Dungeon)
 B - an uncursed ring of fire {rF+, rC-}
   (You found it on level 1 of the Lair of Beasts)
 E - the ring of Kalaopicw (on tentacle) {+Blink MP+9 Dex+4}
   (You acquired it on level 1 of the Lair of Beasts)

   [ring of magical power]

   It affects your dexterity (+4).
   It affects your magic capacity (+9).
   It lets you blink.
Wands
 c - a wand of polymorph (9)
   (You took it off Eustachio on level 5 of the Dungeon)
 q - a wand of disintegration (5)
   (You found it on level 6 of the Dungeon)
 r - a wand of random effects (24)
   (You took it off Ijyb on level 5 of the Dungeon)
 t - a wand of digging (6)
   (You found it on level 5 of the Dungeon)
 x - a wand of iceblast (7)
   (You found it on level 9 of the Dungeon)
Scrolls
 f - 10 scrolls of remove curse
 j - 3 scrolls of fear
 p - 4 scrolls of teleportation
 v - 4 scrolls of enchant weapon
 w - 2 scrolls of fog
 C - a scroll of magic mapping {!r}
 D - 3 scrolls of blinking {unknown}
Potions
 a - a potion of magic
 d - 10 potions of curing {unknown}
 e - 3 potions of cancellation {unknown}
 h - 5 potions of heal wounds {unknown}
 i - 2 potions of brilliance
 k - a potion of ambrosia
 l - a potion of invisibility
 m - 2 potions of haste {unknown}
 o - 5 potions of might
 s - 5 potions of flight {unknown}
 A - a potion of lignification {!q}
 G - a potion of mutation {!q}
Miscellaneous
 F - a box of beasts
Comestibles
 b - 22 rations


   Skills:
 + Level 9.7 Fighting
 + Level 14.1 Axes
 + Level 5.1 Dodging
 - Level 10.0 Stealth
 - Level 5.7 Evocations


You had 11 spell levels left.
You didn't know any spells.
Your spell library was empty.

Dungeon Overview and Level Annotations

Branches:
Dungeon (11/15)            Temple (0/1) D:5            Lair (2/6) D:11
  Swamp (0/4) Lair:2          Orc (0/2) D:11
  Snake: Lair:2-4    Spider: Lair:2-4

Altars:
Cheibriados
Elyvilon
Kikubaaqudgha
Yredelemnul

Shops:
D:10 *

Annotations:
D:6 exclusion: oklob plant
D:7 3 runed translucent doors, kae's ghost, novice DrTm


Innate Abilities, Weirdness & Mutations

You cannot wear most types of armour.
You are very stealthy in the water. (Stealth+)
You are amphibious.
You can wear up to eight rings at the same time.
You can use your tentacles to constrict eight enemies at once.
Your skin changes colour to match your surroundings (Stealth+).
Your rubbery body absorbs attacks. (AC +1, EV +1)
Your flesh is heat resistant. (rF+)
Your muscles are strong. (Str +2)


Message History

Unknown command.
Done exploring.
Done exploring.
Done exploring.
Done exploring.
Done exploring.
Done exploring.
Done exploring.
Done exploring.
Done exploring.
Done exploring.
Done exploring.
(D) Dungeon (T) Temple (L) Lair (O) Orcish Mines
Where to? (Enter - D:11, ? - help)
What level of the Lair of Beasts? (default 1, ? - help)
There is a stone staircase leading down here.
You climb downwards.
There is a stone staircase leading up here.
Search for what [Enter for "god", or ? for help]? ..
Unknown command.
Unknown command.
Unknown command.
Unknown command.
Unknown command.
A water moccasin comes into view.
Spoiler Alert: The water moccasin (sleeping) is fast!
Unknown command.
Lua error: [string "/dgldir/rcfiles/crawl-git/Mgcat.rc"]:930: invalid capture index Lua error: [string "/dgldir/rcfiles/crawl-git/Mgcat.rc"]:930: invalid capture index A swamp worm comes into view.
The swamp worm moves out of view.
Found a staircase to the Swamp.
Spoiler Alert: The water moccasin (sleeping) is fast!
A tyrant leech comes into view.
Lua error: [string "/dgldir/rcfiles/crawl-git/Mgcat.rc"]:930: invalid capture index Lua error: [string "/dgldir/rcfiles/crawl-git/Mgcat.rc"]:930: invalid capture index A swamp worm comes into view.
The swamp worm barely misses you.
The water moccasin hisses angrily.
Spoiler Alert: The water moccasin is fast!
You hit the swamp worm. Your grab misses the swamp worm.
Your squeeze misses the swamp worm.
The swamp worm is lightly wounded.
You closely miss the water moccasin. The water moccasin bites you.
The swamp worm bites you!
The water moccasin completely misses you.
You take 21 damage, and have 66/87 hp.
MASSIVE DAMAGE!!
Spoiler Alert: The water moccasin is fast!
You slash the swamp worm! You grab the swamp worm.
The swamp worm is heavily wounded.
You slash the tyrant leech! You closely miss the water moccasin.
You constrict the swamp worm. The water moccasin bites you!
You are poisoned.
The water moccasin poisons you! The swamp worm bites you!
The tyrant leech barely misses you.
You take 18 damage, and have 48/87 hp.
MASSIVE DAMAGE!!
Spoiler Alert: The water moccasin is fast!
A red film seems to cover your vision as you go berserk!
You feel yourself moving faster!
You feel mighty!
You are feeling hungry.
You constrict the swamp worm.
You feel sick. The water moccasin bites you. The swamp worm misses you.
The tyrant leech bites you!!
The tyrant leech draws strength from your injuries!
The water moccasin closely misses you.
You now have 49/130 hp.
Spoiler Alert: The water moccasin is fast!
You closely miss the tyrant leech.
The tyrant leech is lightly wounded.
You slash the swamp worm!
You feel the power of Trog in you as your rage grows.
You kill the swamp worm!
Trog accepts your kill.
You hit the water moccasin.
Spoiler Alert: The water moccasin is fast!
You carve the tyrant leech like a ham!!!
You squeeze the tyrant leech!
The tyrant leech is almost dead.
You slice the water moccasin!!
You kill the water moccasin!
Trog accepts your kill.
You feel sick.
You hear an angry hiss.
You hear a loud, deep croak!
The tyrant leech bites you!
* * * LOW HITPOINT WARNING * * *
The tyrant leech draws strength from your injuries!
You take 14 damage, and have 36/130 hp.
You open the tyrant leech like a pillowcase!!!
You kill the tyrant leech!
Trog accepts your kill.
You slash the swamp worm!
You feel sick. The swamp worm bites you!
* * * LOW HITPOINT WARNING * * *
You take 14 damage, and have 22/130 hp.
You barely miss the swamp worm. You grab the swamp worm.
You squeeze the swamp worm!
The swamp worm is severely wounded.
You constrict the swamp worm. You completely miss the swamp worm.
The swamp worm is severely wounded.
You constrict the swamp worm.
You feel sick. The swamp worm bites you!!
You die...

######....##
##....#
#.....##
##.....#
#P....##
#.....♣ ♣
##...♣♣♣♣≈♣♣
#...♣♣§§≈≈♣
#....@w§§≈♣
#...♣♣§§§≈♣
#....♣ §♣♣♣♣
###.#♣ ♣♣
###


You could see a swamp worm.

Vanquished Creatures
  A two-headed ogre (D:10)
  A black mamba (Lair:1)
  Maurice (D:9)
  A gargoyle (D:10)
  A rime drake (Lair:1)
  A kobold demonologist (D:11)
  3 komodo dragons
  The ghost of DOPEyDwarf the Slasher, an amateur MiAK of Lugonu (D:5)
  A tyrant leech (Lair:2)
  7 blink frogs (Lair:1)
  3 hippogriffs
  Sigmund (D:5)
  A spriggan (D:9)
  2 wyverns (D:10)
  13 yaks
  Eustachio (D:5)
  A swamp worm (Lair:2)
  2 hungry ghosts (D:10)
  Duvessa (D:4)
  7 porcupines (Lair:1)
  2 water moccasins
  An orc warrior (D:11)
  4 ice beasts
  3 black bears
  3 phantoms
  A necrophage (D:6)
  3 sky beasts
  8 ogres
  2 centaurs
  4 crocodiles
  11 bullfrogs
  A water moccasin zombie (D:11)
  5 scorpions
  Dowan (D:4)
  8 wights (D:10)
  5 killer bees
  A howler monkey (D:10)
  4 crimson imps
  A jelly (D:10)
  A quasit (D:6)
  A bullfrog zombie (D:9)
  9 hounds
  7 orc priests
  15 orc wizards
  Ijyb (D:5)
  2 bullfrog skeletons (D:10)
  4 centaur skeletons
  A gnoll shaman (D:10)
  Jessica (D:2)
  6 worker ants
  Natasha (thrice) (D:4)
  A hound zombie (D:6)
  Robin (D:4)
  21 adders
  14 gnolls
  A shadow imp (D:11)
  An ooze (D:1)
  A worm (D:4)
  3 dart slugs
  A leopard gecko (D:3)
  47 orcs
  5 giant cockroaches
  20 goblins
  7 hobgoblins
  18 jackals
  7 kobolds
  5 quokkas
  A ball python (D:5)
  6 bats
  8 frilled lizards
  A leopard gecko skeleton (D:8)
  9 rats
  3 plants (D:11)
350 creatures vanquished.

Vanquished Creatures (others)
  2 withered plants (D:5)
2 creatures vanquished.

Grand Total: 352 creatures vanquished

Notes
Turn   | Place    | Note
-------+----------+-------------------------------------------
     0 | D:1      | Mgcat the Octopode Berserker began the quest for the Orb.
     0 | D:1      | Reached XP level 1. HP: 16/16 MP: 1/1
   121 | D:1      | Reached skill level 1 in Stealth
   161 | D:1      | Found a snail-covered altar of Cheibriados.
   179 | D:1      | Reached skill level 2 in Stealth
   179 | D:1      | Reached XP level 2. HP: 21/21 MP: 2/2
   263 | D:1      | Reached skill level 3 in Stealth
   618 | D:1      | Reached XP level 3. HP: 26/26 MP: 3/3
   985 | D:2      | Found a faded altar of an unknown god.
  1015 | D:2      | Reached ** piety under Trog
  1123 | D:2      | HP: 6/26 [poisoned by an adder]
  1383 | D:2      | Noticed Jessica
  1476 | D:2      | Reached XP level 4. HP: 28/31 MP: 4/4
  1874 | D:2      | Reached skill level 4 in Axes
  1972 | D:2      | Killed Jessica
  2191 | D:3      | Reached XP level 5. HP: 32/36 MP: 5/5
  2324 | D:3      | Reached skill level 5 in Axes
  2644 | D:3      | Reached *** piety under Trog
  3243 | D:4      | Noticed an ogre
  3248 | D:4      | Killed an ogre
  3248 | D:4      | Reached skill level 6 in Axes
  3248 | D:4      | Reached XP level 6. HP: 42/42 MP: 6/6
  3294 | D:4      | Noticed Robin
  3521 | D:4      | Noticed Natasha
  3529 | D:4      | Killed Natasha
  3649 | D:4      | Reached skill level 7 in Axes
  3649 | D:4      | Reached XP level 7. HP: 36/46 MP: 7/7
  3856 | D:4      | Noticed Natasha
  3863 | D:4      | Killed Natasha
  3951 | D:4      | Noticed Duvessa
  3951 | D:4      | Noticed Dowan
  4192 | D:4      | Reached **** piety under Trog
  4197 | D:4      | Noticed Natasha
  4311 | D:4      | Killed Natasha
  4311 | D:4      | Reached skill level 8 in Axes
  4329 | D:4      | Killed Robin
  4399 | D:4      | You fall into a shaft and drop 2 floors!
  4417 | D:5      | Entered Level 5 of the Dungeon
  4440 | D:4      | Found a white marble altar of Elyvilon.
  4738 | D:4      | Reached skill level 9 in Axes
  4738 | D:4      | Reached XP level 8. HP: 52/52 MP: 8/8
  4897 | D:4      | Killed Dowan
  4946 | D:4      | Killed Duvessa
  5064 | D:5      | Noticed Ijyb
  5074 | D:5      | Killed Ijyb
  5149 | D:5      | Found a runed translucent door.
  5162 | D:5      | Noticed DOPEyDwarf's ghost (amateur MiAK)
  5208 | D:5      | Found a staircase to the Ecumenical Temple.
  5243 | D:5      | Reached skill level 10 in Axes
  5325 | D:5      | Noticed Sigmund
  5332 | D:5      | Killed Sigmund
  5400 | D:5      | Reached skill level 11 in Axes
  5705 | D:5      | Noticed Eustachio
  5797 | D:5      | Reached XP level 9. HP: 56/56 MP: 9/9
  5799 | D:5      | Killed Eustachio
  5888 | D:6      | Reached skill level 1 in Evocations
  6054 | D:6      | Reached skill level 2 in Evocations
  6126 | D:6      | Noticed an oklob plant
  6144 | D:6      | Reached skill level 4 in Fighting
  6220 | D:6      | Reached skill level 3 in Evocations
  6282 | D:6      | Found an ancient bone altar of Kikubaaqudgha.
  6505 | D:7      | Found a runed translucent gate.
  6505 | D:7      | Found a runed translucent gate.
  6506 | D:7      | Found a runed translucent gate.
  6508 | D:7      | Noticed kae's ghost (novice DrTm)
  6883 | D:7      | Reached skill level 4 in Evocations
  7043 | D:7      | Identified a scroll of acquirement
  7043 | D:7      | Identified the ring of Poetuq {rPois MR+ Str-2 Dex+2} (You
                  | acquired it on level 7 of the Dungeon)
  7043 | D:7      | Identified the +10 battleaxe of Doom {vorpal, rPois rN+ MR-
                  | Dex+2} (You acquired it on level 7 of the Dungeon)
  7078 | D:8      | Reached skill level 5 in Fighting
  7165 | D:8      | Reached ***** piety under Trog
  7165 | D:8      | Received a gift from Trog
  7171 | D:8      | Reached skill level 12 in Axes
  7506 | D:9      | Reached skill level 5 in Evocations
  7506 | D:9      | Reached XP level 10. HP: 59/66 MP: 12/14
  7595 | D:8      | Reached skill level 4 in Dodging
  7716 | D:8      | Reached skill level 5 in Dodging
  7773 | D:8      | Reached skill level 4 in Stealth
  7827 | D:9      | Reached skill level 5 in Stealth
  8153 | D:9      | Noticed Maurice
  8171 | D:9      | Killed Maurice
  8328 | D:9      | Reached skill level 6 in Fighting
  8581 | D:10     | Entered Level 10 of the Dungeon
  8617 | D:10     | Noticed a two-headed ogre
  8622 | D:10     | Received a gift from Trog
  8625 | D:10     | Killed a two-headed ogre
  8625 | D:10     | Reached skill level 7 in Fighting
  8712 | D:10     | Found Luruxkiv's Serpentskin Sales.
  8731 | D:10     | Reached XP level 11. HP: 75/75 MP: 15/15
  8773 | D:10     | Found a runed translucent door.
  8870 | D:10     | Found a runed translucent door.
  8949 | D:10     | Reached skill level 13 in Axes
  9415 | D:5      | Killed DOPEyDwarf's ghost
  9415 | D:5      | Reached skill level 6 in Stealth
  9658 | D:10     | Reached skill level 8 in Fighting
 10040 | D:11     | Reached skill level 7 in Stealth
 10043 | D:11     | Received a gift from Trog
 10051 | D:11     | Found a staircase to the Orcish Mines.
 10160 | D:11     | Found a staircase to the Lair.
 10479 | D:11     | Found a basalt altar of Yredelemnul.
 10721 | Lair:1   | Entered Level 1 of the Lair of Beasts
 10723 | Lair:1   | Gained mutation: Your flesh is heat resistant. (rF+)
                  | [potion of mutation]
 10723 | Lair:1   | Gained mutation: Your muscles are strong. (Str +2) [potion
                  | of mutation]
 10746 | Lair:1   | Reached skill level 8 in Stealth
 10917 | Lair:1   | Reached skill level 9 in Fighting
 11080 | Lair:1   | Reached skill level 9 in Stealth
 11153 | Lair:1   | Reached XP level 12. HP: 53/85 MP: 16/16
 11438 | Lair:1   | Reached skill level 14 in Axes
 11452 | Lair:1   | Reached skill level 10 in Stealth
 11526 | Lair:1   | Identified the ring of Kalaopicw {+Blink MP+9 Dex+4} (You
                  | acquired it on level 1 of the Lair of Beasts)
 11723 | Lair:2   | Found a staircase to the Swamp.
 11732 | Lair:2   | HP: 22/130 [swamp worm (14)]
 11734 | Lair:2   | Slain by a swamp worm

Levels and vault maps discovered:
D:1:      dpeg_arrival_more_subterranean_lakeside_camping, layout_loops_ring,
          cheibriados_altar_1
D:2:      layout_basic, chequers_ecumenical_altar_simple, first_ration,
          minivault_27, uniq_jessica
D:3:      layout_basic
D:4:      layout_rooms, marbit_many_paths, uniq_natasha, uniq_robin,
          uniq_duvessa
D:5:      layout_basic, minmay_temple_entry_junction_2, gammafunk_ghost_grave,
          uniq_sigmund, uniq_ijyb, uniq_eustachio
D:6:      layout_rooms, enter_ossuary_5, lemuel_oklob_altar
D:7:      layout_cave_pods, ebering_ghost_rock_garden
D:8:      layout_rooms
D:9:      layout_long_grid, the_bakery, uniq_maurice
D:10:     cheibrodos_histonic, layout_basic, serial_glass, glass_columns_b,
          glass_columns_b, item_on_display_a, due_unseen_surprise,
          minmay_strange_pillars, feat_on_display, guppyfry_shop_venom
D:11:     layout_stronghold, david_lair_shrubbed, david_orc_3,
          serial_column_ruins, column_ruins_pillar_1, column_ruins_pillar_3,
          column_ruins_pillar_2, column_ruins_pillar_2, column_ruins_pillar_6,
          column_ruins_pillar_1, column_ruins_pillar_6, column_ruins_pillar_11,
          column_ruins_pillar_1, column_ruins_pillar_6, column_ruins_pillar_2,
          column_ruins_pillar_10, column_ruins_pillar_3, column_ruins_pillar_4,
          column_ruins_pillar_2, column_ruins_pillar_4,
          yredelemnul_altar_generic
Lair:1:   layout_cave_shapes, minmay_holes, beast_lair_carwin_5,
          infiniplex_staircase_pool_2
Lair:2:   layout_hall_layers, minmay_swamp_entry_worms,
          guppyfry_snake_entry_garden, ebering_ghost_rock_garden,
          chequers_serial_rivers_small_a, serial_bayou_shore_a

Skill      XL: |  1  2  3  4  5  6  7  8  9 10 11 12 |
---------------+-------------------------------------+-----
Stealth        | 2 3 5 9 10 | 10.0
Axes           | 4 6 7 9 11 12 13 14 | 14.1
Evocations     | 5 |  5.7
Fighting       | 5 7 9 |  9.7
Dodging        | 5 |  5.1

Action                   |  1- 3 |  4- 6 |  7- 9 | 10-12 || total
-------------------------+-------+-------+-------+-------++-------
Melee: Hand axe          |    55 |   130 |   196 |       ||   381
       Constrict         |    13 |    37 |    46 |    35 ||   131
       Tentacles         |     6 |    28 |    53 |    46 ||   133
       Battleaxe         |       |       |    19 |   271 ||   290
       War axe           |       |       |    16 |       ||    16
Throw: Stone             |       |     1 |    10 |    17 ||    28
Invok: Berserk           |       |     4 |    11 |     8 ||    23
       Trog's Hand       |       |       |     2 |     3 ||     5
Evoke: Wand              |       |       |     5 |     3 ||     8
  Use: Scroll            |       |       |    15 |     6 ||    21
       Potion            |       |       |       |     1 ||     1
 Stab: Sleeping          |     4 |     7 |    17 |    14 ||    42
       Distracted        |       |     1 |     1 |     1 ||     3
  Eat: Chunk             |     1 |    12 |    16 |    19 ||    48
       Ration            |       |       |     2 |     1 ||     3
Armor: Skin              |     4 |     2 |    15 |    12 ||    33
Dodge: Dodged            |    32 |    76 |   104 |   161 ||   373
Block: Buckler           |       |       |     6 |       ||     6

Table legend:
 A = Non-vault XP
 B = Vault XP
 C = Vault XP percentage of total XP
 D = Non-vault monster count
 E = Vault monster count
 F = Vault count percentage of total count
                 A         B        C        D         E       F
            +---------+---------+-------+---------+---------+-------
      Total |   16588 |    5236 |  24.0 |     290 |      57 |  16.4
            +---------+---------+-------+---------+---------+-------
        D:1 |      38 |       0 |   0.0 |      19 |       0 |   0.0
        D:2 |      70 |      37 |  34.6 |      15 |       1 |   6.2
        D:3 |     147 |       0 |   0.0 |      36 |       0 |   0.0
        D:4 |     906 |     321 |  26.2 |      40 |      17 |  29.8
        D:5 |     583 |     752 |  56.3 |      23 |       4 |  14.8
        D:6 |    1013 |       0 |   0.0 |      13 |       0 |   0.0
        D:7 |     659 |       0 |   0.0 |      15 |       0 |   0.0
        D:8 |    1459 |       0 |   0.0 |      26 |       0 |   0.0
        D:9 |    1272 |     668 |  34.4 |      19 |       2 |   9.5
       D:10 |    3143 |    1635 |  34.2 |      30 |      19 |  38.8
       D:11 |    1253 |     559 |  30.8 |      26 |       7 |  21.2
     Lair:1 |    5894 |     800 |  12.0 |      27 |       5 |  15.6
     Lair:2 |     151 |     464 |  75.4 |       1 |       2 |  66.7
            +---------+---------+-------+---------+---------+-------

Levels and vault maps discovered:
D:1:      dpeg_arrival_more_subterranean_lakeside_camping, layout_loops_ring,
          cheibriados_altar_1
D:2:      layout_basic, chequers_ecumenical_altar_simple, first_ration,
          minivault_27, uniq_jessica
D:3:      layout_basic
D:4:      layout_rooms, marbit_many_paths, uniq_natasha, uniq_robin,
          uniq_duvessa
D:5:      layout_basic, minmay_temple_entry_junction_2, gammafunk_ghost_grave,
          uniq_sigmund, uniq_ijyb, uniq_eustachio
D:6:      layout_rooms, enter_ossuary_5, lemuel_oklob_altar
D:7:      layout_cave_pods, ebering_ghost_rock_garden
D:8:      layout_rooms
D:9:      layout_long_grid, the_bakery, uniq_maurice
D:10:     cheibrodos_histonic, layout_basic, serial_glass, glass_columns_b,
          glass_columns_b, item_on_display_a, due_unseen_surprise,
          minmay_strange_pillars, feat_on_display, guppyfry_shop_venom
D:11:     layout_stronghold, david_lair_shrubbed, david_orc_3,
          serial_column_ruins, column_ruins_pillar_1, column_ruins_pillar_3,
          column_ruins_pillar_2, column_ruins_pillar_2, column_ruins_pillar_6,
          column_ruins_pillar_1, column_ruins_pillar_6, column_ruins_pillar_11,
          column_ruins_pillar_1, column_ruins_pillar_6, column_ruins_pillar_2,
          column_ruins_pillar_10, column_ruins_pillar_3, column_ruins_pillar_4,
          column_ruins_pillar_2, column_ruins_pillar_4,
          yredelemnul_altar_generic
Lair:1:   layout_cave_shapes, minmay_holes, beast_lair_carwin_5,
          infiniplex_staircase_pool_2
Lair:2:   layout_hall_layers, minmay_swamp_entry_worms,
          guppyfry_snake_entry_garden, ebering_ghost_rock_garden,
          chequers_serial_rivers_small_a, serial_bayou_shore_a

Table legend:
 A = Turns spent in this place as a percentage of turns spent in the entire game.
 B = Non-inter-level travel turns spent in this place as a percentage of non-inter-level travel turns spent in the entire game.
 C = Inter-level travel turns spent in this place as a percentage of turns spent in this place.
 D = Turns resting spent in this place as a percentage of non-inter-level travel turns spent in this place.
 E = Turns spent auto-exploring this place as a percentage of non-inter-level travel turns spent in this place.
 F = Non-inter-level travel turns spent in this place divided by the number of levels of this place that you've seen.
                   A       B       C       D       E      F
               +-------+-------+-------+-------+-------+----------------------
         Total | 100.0 | 100.0 |   4.4 |  23.1 |  55.1 | 862.9
       Dungeon |  91.4 |  91.1 |   4.7 |  23.1 |  55.2 | 928.9
          Lair |   8.6 |   8.9 |   1.3 |  22.9 |  54.6 | 500.0
               +-------+-------+-------+-------+-------+----------------------

Table legend:
 A = Kills in this place as a percentage of kills in entire the game.
 B = Kills by you in this place as a percentage of kills by you in the entire game.
 C = Kills by friends in this place as a percentage of kills by friends in the entire game.
 D = Other kills in this place as a percentage of other kills in the entire game.
 E = Experience gained in this place as a percentage of experience gained in the entire game.
 F = Experience gained in this place divided by the number of levels of this place that you have seen.
                   A       B       C       D       E      F
               +-------+-------+-------+-------+-------+----------------------
         Total | 100.0 | 100.0 |   N/A |   N/A | 100.0 | 1678.8
       Dungeon |  89.9 |  89.9 |   N/A |   N/A |  66.5 | 1319.5
          Lair |  10.1 |  10.1 |   N/A |   N/A |  33.5 | 3654.5
               +-------+-------+-------+-------+-------+----------------------
